 Dungeon Crawl Stone Soup version 0.29.0-4-gdea44cf6ec (webtiles) character file.

Game seed: 6135709822178210393

141101 qw the Peltast (level 16, -4/155 HPs)
             Began as a Minotaur Berserker on Sept 6, 2022.
             Was an Elder of Trog.
             Shot with an arrow by a naga sharpshooter (16 damage)
             ... led by Vashnia
             ... on level 3 of the Snake Pit.
             The game lasted 00:24:49 (61629 turns).

qw the Peltast (Minotaur Berserker)                Turns: 61629, Time: 00:24:49

Health: -4/155     AC: 36    Str: 30    XL:     16   Next: 77%
Magic:  13/15      EV:  6    Int:  4    God:    Trog [****..]
Gold:   348        SH: 24    Dex: 10    Spells: 15/15 levels left

rFire   + . .      SeeInvis .   y - +0 broad axe
rCold   . . .      Faith    .   i - +0 tower shield
rNeg    . . .      Spirit   .   t - +4 plate armour {rF+}
rPois   +          Reflect  +   (helmet restricted)
rElec   +          Harm     .   k - +2 cloak
rCorr   .          Rampage  .   f - +2 pair of gloves
Will    +....                   j - +2 pair of boots
Stlth   ..........              u - amulet of reflection
HPRegen 0.35/turn               n - +4 ring of protection
MPRegen 0.14/turn               w - ring "Icriywk" {rElec rPois}

@: about to teleport, on berserk cooldown, slowed, constricted, very slow
A: horns 2, retaliatory headbutt
a: Renounce Religion, Berserk, Trog's Hand, Brothers in Arms


You were on level 3 of the Snake Pit.
You worshipped Trog.
Trog was greatly pleased with you.
You visited 4 branches of the dungeon, and saw 25 of its levels.
You also visited: Ossuary.

You collected 2226 gold pieces.
You spent 1878 gold pieces at shops.


Innate Abilities, Weirdness & Mutations

You have a pair of horns on your head.
You reflexively headbutt those who attack you in melee.


   Skills:
 - Level 17.1 Fighting
 - Level 18.0 Axes
 - Level 9.0 Throwing
 + Level 15.8 Armour
 - Level 7.0 Dodging
 - Level 19.0 Shields


You had 15 spell levels left.
You didn't know any spells.
Your spell library was empty.

Inventory:

Hand Weapons
 b - a +5 war axe of flaming
 y - a +0 broad axe (weapon)
Missiles
 h - 5 boomerangs (quivered)
Armour
 f - a +2 pair of gloves (worn)
 i - a +0 tower shield (worn)
 j - a +2 pair of boots (worn)
 k - a +2 cloak (worn)
 p - a +1 cloak of poison resistance
 t - a +4 plate armour of fire resistance (worn)
Jewellery
 c - a +6 ring of strength
 l - a ring of see invisible
 n - a +4 ring of protection (left hand)
 u - an amulet of reflection (around neck)
 v - a ring of fire
 w - the ring "Icriywk" (right hand) {rElec rPois}
   (You bought it in a shop on level 1 of the Snake Pit)

   [ring of poison resistance]

   rElec:     It insulates you from electricity.
   rPois:     It protects you from poison.
 Y - a ring of poison resistance
Scrolls
 a - 14 scrolls of identify
 e - a scroll of torment {unknown}
Potions
 d - 5 potions of haste
 o - 6 potions of cancellation
 q - 5 potions of might
 r - 4 potions of mutation
 s - 6 potions of curing
 z - 2 potions of heal wounds
 A - 2 potions of resistance

Dungeon Overview and Level Annotations

Branches:
Dungeon (15/15)            Temple (0/1) D:5            Lair (5/5) D:8
 Shoals (0/4) Lair:3        Snake (3/4) Lair:2        Slime (0/5) Lair:5
    Orc (2/2) D:9             Elf (0/3) Orc:2        Vaults (0/5) D:13
 Depths (0/4) D:15        Ossuary (visited)

Altars:
Gozag
Hepliaklqana
Nemelex Xobeh
Okawaru
Qazlal
Sif Muna
Trog
Vehumet
Xom
Zin
Jiyva

Shops:
D:15 [!   Orc:2 [[*(   Snake:1 *!

Annotations:
Snake:1 3 runed translucent doors, qw's ghost, adept GrBe


Message History

You reflect the arrow off an invisible shield around you!
The naga sharpshooter unwields a +0 shortbow.
The naga sharpshooter wields a +0 glaive.
The naga sharpshooter hits you but does no damage.
The naga sharpshooter grabs you. The naga sharpshooter constricts you.
The naga sharpshooter shoots an arrow.
The arrow hits you but does no damage.
You hit the naga sharpshooter but do no damage.
The naga sharpshooter is moderately wounded.
You slice the naga sharpshooter!! You closely miss the naga sharpshooter.
The naga sharpshooter mumbles some strange words.
The naga sharpshooter magically shoots an arrow.
You reflect the arrow off an invisible shield around you!
The naga sharpshooter spits poison at you.
The splash of poison hits you but does no damage.
You resist.
The naga sharpshooter unwields a +0 glaive.
The naga sharpshooter wields a +0 shortbow.
The naga sharpshooter shoots an arrow.
You reflect the arrow off an invisible shield around you!
The arrow hits the naga sharpshooter!!
The naga sharpshooter constricts you.
You slash the naga sharpshooter!
Your headbutt misses the naga sharpshooter.
The naga sharpshooter is almost dead.
You hit the naga sharpshooter but do no damage.
You barely miss the naga sharpshooter.
The naga sharpshooter shoots an arrow.
You reflect the arrow off an invisible shield around you!
The arrow hits the naga sharpshooter!!
The naga sharpshooter gestures wildly while chanting.
The naga sharpshooter magically shoots an arrow.
The arrow hits you!
The naga sharpshooter shoots an arrow.
The arrow hits you! The naga sharpshooter constricts you.
61629 ||| READING scroll of teleportation.
As you read the scroll of teleportation, it crumbles to dust.
You feel strangely unstable.
The naga sharpshooter shoots an arrow.
You reflect the arrow off an invisible shield around you!
The arrow hits the naga sharpshooter!!
The naga sharpshooter shoots an arrow.
The arrow hits you!
You die...

............#.##..#....##
...####...>#.##....#####
...#..##.#....##..#
###.#.###.###.........#
#.....###...#..........
###....)..#...###.......^
####.........#...#
#####.#..
.....####...N.#.### .###
#...##....@NN..... ##
#..........N.#...)
#..^......#..##...
###...######.# N. #..##
.# ....# .. ##.. ## #


You could see 4 naga sharpshooters.

Vanquished Creatures
  Vashnia (Snake:3)
  Saint Roka (Snake:3)
  Roxanne (D:15)
  A caustic shrike zombie (D:15)
  Aizul (Snake:3)
  A yaktaur captain (D:15)
  4 vault guards (D:13)
  3 salamander tyrants
  Fannar (Orc:1)
  A rakshasa (D:12)
  3 boulder beetles
  4 hydras
  A merfolk avatar (Lair:5)
  6 anacondas
  A death knight (D:15)
  6 two-headed ogres
  Erica (Orc:1)
  3 centaur warriors
  6 naga warriors
  4 tengu warriors
  8 naga sharpshooters
  6 death yaks
  A dancing weapon (D:15)
  6 shock serpents
  An orc high priest (Orc:1)
  A titan zombie (D:15)
  A fire crab (shapeshifter) (D:13)
  7 skeletal warriors (D:15)
  Amaemon (D:11)
  2 salamander mystics
  2 cherubim (D:15)
  A phantasmal warrior (D:15)
  3 naga ritualists
  2 deep elf pyromancers
  4 orc knights
  A lindwurm (Lair:5)
  9 mana vipers
  An orc sorcerer (Orc:2)
  A harpy (Lair:5)
  6 ugly things
  A necromancer (D:15)
  A cyclops (shapeshifter) (D:13)
  9 salamanders
  7 cyclopes
  A manticore (Lair:3)
  14 elephants
  2 guardian serpents
  A frost giant skeleton (D:15)
  A fire giant skeleton (D:15)
  31 black mambas
  12 naga magi
  A torpor snail (Lair:3)
  A gargoyle (D:11)
  An orange demon (D:11)
  16 cane toads
  Psyche (D:11)
  11 komodo dragons
  5 tengu conjurers
  3 yaktaurs (D:15)
  4 rime drakes
  An efreet (D:15)
  A freezing wraith (D:15)
  3 kobold demonologists
  5 trolls
  2 hornets (D:9)
  3 polar bears
  3 wind drakes
  9 slime creatures
  11 blink frogs
  A snapping turtle (Lair:5)
  A centaur simulacrum (D:13)
  7 wyverns
  64 yaks
  2 vampires
  A wraith (D:13)
  2 shadows
  A basilisk (shapeshifter) (D:15)
  Grum (D:10)
  2 steam dragons
  7 vampire mosquitoes
  29 nagas
  A warg (Orc:2)
  3 acid dragons
  3 sky beasts
  14 water moccasins
  31 orc warriors
  A black bear (Lair:4)
  An ogre (shapeshifter) (D:9)
  8 ogres
  12 centaurs
  18 wolves
  4 kobold brigands
  18 bullfrogs
  A scorpion (D:6)
  2 necrophages
  19 wights
  4 howler monkeys
  2 electric eels (Lair:5)
  2 jellies
  3 hounds (D:5)
  12 orc priests
  4 iguanas
  22 orc wizards
  6 hell rats (Lair:5)
  13 mummies (Ossuary)
  6 adders
  3 shadow imps
  A worm (D:4)
  10 dart slugs
  68 orcs
  3 ball pythons
  7 bats
  6 endoplasms
  3 giant cockroaches
  5 goblins
  6 hobgoblins
  2 jackals (D:1)
  4 quokkas
  2 frilled lizards
  A gnoll skeleton (Ossuary)
  4 goblin skeletons (Ossuary)
  18 kobolds
  A kobold skeleton (Ossuary)
  2 orc skeletons (Ossuary)
  2 rats (D:1)
  11 rat skeletons (Ossuary)
762 creatures vanquished.

Vanquished Creatures (collateral kills)
  2 elephants (Lair:4)
  A salamander (Snake:3)
  A rime drake (Lair:4)
  A blink frog (Lair:4)
  A snapping turtle (Lair:5)
  A naga (Snake:3)
  An orc warrior (D:8)
  A bullfrog (Lair:1)
  An orc priest (D:8)
  An orc (D:8)
  A kobold (D:8)
12 creatures vanquished.

Vanquished Creatures (others)
  A wizard (D:9)
  A rat (D:3)
  14 fungi
  36 plants
  15 withered plants (D:15)
67 creatures vanquished.

Grand Total: 841 creatures vanquished

Notes
Turn   | Place    | Note
-------+----------+-------------------------------------------
     0 | D:1      | qw the Minotaur Berserker began the quest for the Orb.
     0 | D:1      | Reached XP level 1. HP: 19/19 MP: 0/0
     0 | D:1      | 0 ||| qw: Version: 0.1-a-107-g55f7f8b
     0 | D:1      | 0 ||| qw: Game counter: 6028
     0 | D:1      | 0 ||| qw: Always use a shield: true
     0 | D:1      | 0 ||| qw: Do Orc after D:15 true
     0 | D:1      | 0 ||| qw: Do second Lair branch before Depths: true
     0 | D:1      | 0 ||| qw: Lair rune preference: random
     0 | D:1      | 0 ||| qw: Plans: Normal
     0 | D:1      | 0 ||| PLANNING D:1-11
   222 | D:1      | Reached XP level 2. HP: 22/26 MP: 1/1
   346 | D:1      | 346 ||| INVOKING Berserk.
   573 | D:1      | 573 ||| Stepping ~*~*~tactically~*~*~ (stealth).
   575 | D:1      | 575 ||| Stepping ~*~*~tactically~*~*~ (stealth).
   802 | D:1      | 802 ||| UPGRADING to +2 pair of gloves.
   807 | D:1      | 807 ||| UPGRADING to +0 ring mail.
   817 | D:1      | 817 ||| DROPPING +0 animal skin.
   818 | D:1      | 818 ||| UPGRADING to +4 ring of protection.
   819 | D:1      | 819 ||| READING scroll labelled FAIGISTR IFIYSA.
   820 | D:1      | 820 ||| READING scroll labelled IPLAUN WOXZUJI.
   821 | D:1      | 821 ||| READING scroll labelled YSTESHIMUOTT.
   824 | D:1      | 824 ||| READING scroll labelled HACUFEC ACZE.
   825 | D:1      | 825 ||| READING 3 scrolls labelled KUNNUD CITISH.
   826 | D:1      | 826 ||| DRINKING 2 fuming silvery potions.
   827 | D:1      | 827 ||| DROPPING 2 scrolls of fear.
   914 | D:2      | 914 ||| Stepping ~*~*~tactically~*~*~ (hiding).
  1048 | D:2      | Reached XP level 3. HP: 30/31 MP: 2/2
  1071 | D:2      | 1071 ||| Stepping ~*~*~tactically~*~*~ (stealth).
  1080 | D:2      | 1080 ||| Stepping ~*~*~tactically~*~*~ (stealth).
  1396 | D:2      | 1396 ||| Stepping ~*~*~tactically~*~*~ (hiding).
  1399 | D:2      | 1399 ||| INVOKING Berserk.
  1406 | D:2      | Reached skill level 6 in Axes
  1406 | D:2      | Reached XP level 4. HP: 39/39 MP: 3/3
  1414 | D:2      | Reached ** piety under Trog
  1531 | D:2      | 1531 ||| DROPPING +0 whip.
  1832 | D:2      | 1832 ||| Stepping ~*~*~tactically~*~*~ (stealth).
  2014 | D:2      | 2014 ||| UPGRADING to +0 ring mail of fire resistance.
  2024 | D:2      | 2024 ||| DROPPING +0 ring mail.
  2025 | D:2      | 2025 ||| UPGRADING to ring of poison resistance.
  2026 | D:2      | 2026 ||| READING scroll labelled FOOQAUFELO.
  2027 | D:2      | 2027 ||| READING 2 scrolls labelled FUTRERROQU.
  2028 | D:2      | 2028 ||| READING 2 scrolls labelled COBBEXK MENO.
  2029 | D:2      | 2029 ||| READING scroll labelled ICAJAP QURRAN.
  2030 | D:2      | 2030 ||| DRINKING 2 dark potions.
  2031 | D:2      | 2031 ||| DROPPING scroll of immolation.
  2032 | D:2      | 2032 ||| DROPPING scroll of fog.
  2033 | D:2      | 2033 ||| DROPPING potion of invisibility.
  2077 | D:3      | 2077 ||| FLEEEEING.
  2078 | D:3      | 2078 ||| FLEEEEING.
  2079 | D:3      | 2079 ||| STAIRDANCE
  2131 | D:3      | 2131 ||| FLEEEEING.
  2132 | D:3      | 2132 ||| FLEEEEING.
  2133 | D:3      | 2133 ||| FLEEEEING.
  2134 | D:3      | 2134 ||| STAIRDANCE
  2143 | D:2      | 2143 ||| Stepping ~*~*~tactically~*~*~ (stealth).
  2147 | D:2      | 2147 ||| Stepping ~*~*~tactically~*~*~ (stealth).
  2197 | D:2      | 2197 ||| READING 2 scrolls labelled GUSUCK LIMOGA.
  2202 | D:3      | 2202 ||| FLEEEEING.
  2205 | D:3      | 2205 ||| FLEEEEING.
  2206 | D:3      | 2206 ||| STAIRDANCE
  2295 | D:3      | 2295 ||| Stepping ~*~*~tactically~*~*~ (water).
  2297 | D:3      | 2297 ||| FLEEEEING.
  2298 | D:3      | 2298 ||| STAIRDANCE
  2487 | D:3      | Reached XP level 5. HP: 45/45 MP: 4/4
  2788 | D:3      | 2788 ||| Stepping ~*~*~tactically~*~*~ (stealth).
  2791 | D:3      | 2791 ||| INVOKING Berserk.
  3351 | D:3      | Found a hazy altar of Hepliaklqana.
  3433 | D:3      | 3433 ||| Stepping ~*~*~tactically~*~*~ (stealth).
  3435 | D:3      | 3435 ||| Stepping ~*~*~tactically~*~*~ (hiding).
  3690 | D:3      | 3690 ||| READING 2 scrolls labelled FIZOLU JATUCEI.
  3691 | D:3      | 3691 ||| READING scroll of enchant weapon.
  3691 | D:3      | 3691 ||| ENCHANTING +1 hand axe of venom.
  3692 | D:3      | 3692 ||| READING 3 scrolls of identify.
  3692 | D:3      | 3692 ||| IDENTIFYING inky potion
  3693 | D:3      | 3693 ||| READING 2 scrolls of identify.
  3693 | D:3      | 3693 ||| IDENTIFYING fizzy golden potion
  3750 | D:4      | 3750 ||| PLANNING OSSUARY
  3752 | D:4      | 3752 ||| STAIRDANCE
  4040 | D:4      | Found a glowing silver altar of Zin.
  4161 | D:4      | Found a radiant altar of Vehumet.
  4161 | D:4      | Found an opulent altar of Gozag.
  4183 | D:4      | Found a sand-covered staircase.
  4184 | D:4      | 4184 ||| UPGRADING to +0 tower shield.
  4189 | D:4      | 4189 ||| READING scroll labelled QENIT DICW.
  4190 | D:4      | 4190 ||| READING 2 scrolls of identify.
  4190 | D:4      | 4190 ||| IDENTIFYING clear potion
  4191 | D:4      | 4191 ||| DROPPING potion of attraction.
  4200 | Ossuary  | Entered an ossuary
  4233 | Ossuary  | Reached skill level 1 in Shields
  4343 | Ossuary  | Reached XP level 6. HP: 28/52 MP: 5/5
  4517 | Ossuary  | Reached skill level 2 in Shields
  4659 | Ossuary  | Reached *** piety under Trog
  4685 | Ossuary  | 4685 ||| READING scroll of enchant weapon.
  4685 | Ossuary  | 4685 ||| ENCHANTING +2 hand axe of venom.
  4720 | Ossuary  | Reached skill level 3 in Shields
  5034 | Ossuary  | 5034 ||| Stepping ~*~*~tactically~*~*~ (stealth).
  5178 | Ossuary  | Reached skill level 4 in Shields
  5178 | Ossuary  | 5178 ||| READING 3 scrolls labelled BOAV DIOXZOLUU.
  5179 | Ossuary  | 5179 ||| READING scroll labelled FUUXAL PEMO.
  5180 | Ossuary  | 5180 ||| DRINKING 3 sapphire potions.
  5181 | Ossuary  | 5181 ||| READING 2 scrolls of identify.
  5181 | Ossuary  | 5181 ||| IDENTIFYING puce potion
  5182 | Ossuary  | 5182 ||| DROPPING 2 scrolls of noise.
  5183 | Ossuary  | 5183 ||| DROPPING potion of berserk rage.
  5218 | D:4      | 5218 ||| PLANNING D:1-11
  5298 | D:5      | Entered Level 5 of the Dungeon
  5329 | D:5      | Found a staircase to the Ecumenical Temple.
  5351 | D:5      | 5351 ||| Stepping ~*~*~tactically~*~*~ (hiding).
  5353 | D:5      | 5353 ||| Stepping ~*~*~tactically~*~*~ (hiding).
  5358 | D:5      | 5358 ||| INVOKING Berserk.
  5366 | D:5      | 5366 ||| DRINKING potion of curing.
  5366 | D:5      | 5366 ||| (to cure confusion)
  5370 | D:5      | Reached skill level 5 in Shields
  5370 | D:5      | Reached XP level 7. HP: 59/59 MP: 6/6
  5428 | D:5      | 5428 ||| INVOKING Berserk.
  5582 | D:5      | Reached skill level 6 in Shields
  5634 | D:5      | 5634 ||| Stepping ~*~*~tactically~*~*~ (stealth).
  5639 | D:5      | 5639 ||| Stepping ~*~*~tactically~*~*~ (stealth).
  5678 | D:5      | Reached skill level 7 in Shields
  5678 | D:5      | Reached **** piety under Trog
  5729 | D:5      | 5729 ||| READING scroll of enchant weapon.
  5729 | D:5      | 5729 ||| ENCHANTING +3 hand axe of venom.
  5776 | D:5      | 5776 ||| INVOKING Berserk.
  5855 | D:5      | 5855 ||| INVOKING Berserk.
  5858 | D:5      | Reached skill level 8 in Shields
  6047 | D:5      | Reached XP level 8. HP: 66/66 MP: 7/7
  6270 | D:5      | 6270 ||| READING scroll of enchant weapon.
  6270 | D:5      | 6270 ||| ENCHANTING +4 hand axe of venom.
  6275 | D:5      | 6275 ||| UPGRADING to +0 chain mail.
  6285 | D:5      | 6285 ||| DROPPING +1 robe of fire resistance.
  6403 | D:6      | Found a stormy altar of Qazlal.
  6438 | D:6      | Reached skill level 9 in Shields
  6474 | D:6      | 6474 ||| INVOKING Berserk.
  6673 | D:6      | 6673 ||| Stepping ~*~*~tactically~*~*~ (hiding).
  6782 | D:6      | 6782 ||| Stepping ~*~*~tactically~*~*~ (stealth).
  6980 | D:6      | 6980 ||| INVOKING Berserk.
  7357 | D:6      | 7357 ||| UPGRADING to +0 pair of boots.
  7362 | D:6      | 7362 ||| READING scroll of enchant armour.
  7362 | D:6      | 7362 ||| ENCHANTING +0 pair of boots.
  7363 | D:6      | 7363 ||| READING 2 scrolls labelled MOEPTA MITE.
  7364 | D:6      | 7364 ||| READING 3 scrolls of identify.
  7364 | D:6      | 7364 ||| IDENTIFYING viscous grey potion
  7365 | D:6      | 7365 ||| READING 2 scrolls of identify.
  7365 | D:6      | 7365 ||| IDENTIFYING metallic emerald potion
  7366 | D:6      | 7366 ||| DROPPING scroll of magic mapping.
  7465 | D:7      | Noticed a slime creature
  7466 | D:7      | Noticed a slime creature
  7467 | D:7      | 7467 ||| Stepping ~*~*~tactically~*~*~ (stealth).
  7469 | D:7      | 7469 ||| Stepping ~*~*~tactically~*~*~ (stealth).
  7481 | D:7      | 7481 ||| INVOKING Berserk.
  7482 | D:7      | Killed a slime creature
  7483 | D:7      | Killed a slime creature
  7484 | D:7      | Reached skill level 9 in Axes
  7658 | D:7      | Noticed a slime creature
  7667 | D:7      | Killed a slime creature
  7668 | D:7      | Reached XP level 9. HP: 47/71 MP: 8/8
  7804 | D:7      | 7804 ||| FLEEEEING.
  7813 | D:7      | Reached skill level 10 in Shields
  7979 | D:7      | 7979 ||| Stepping ~*~*~tactically~*~*~ (hiding).
  7985 | D:7      | 7985 ||| INVOKING Berserk.
  8171 | D:7      | Found a sparkling altar of Nemelex Xobeh.
  8189 | D:7      | Reached skill level 1 in Throwing
  8277 | D:7      | 8277 ||| Stepping ~*~*~tactically~*~*~ (stealth).
  8292 | D:7      | 8292 ||| SWAPPING to +5 war axe.
  8293 | D:7      | 8293 ||| DROPPING +2 flail of draining.
  8294 | D:7      | 8294 ||| DROPPING +5 hand axe of venom.
  8307 | D:7      | Reached skill level 11 in Shields
  8662 | D:7      | Reached skill level 6 in Fighting
  8709 | D:7      | 8709 ||| DROPPING +0 ring mail of fire resistance.
  8710 | D:7      | 8710 ||| READING 2 scrolls of identify.
  8710 | D:7      | 8710 ||| IDENTIFYING golden potion
  8711 | D:7      | 8711 ||| DROPPING potion of magic.
  8917 | D:8      | Noticed a death yak
  8920 | D:8      | 8920 ||| INVOKING Berserk.
  8924 | D:8      | Noticed a death yak
  8928 | D:8      | Killed a death yak
  8934 | D:8      | Killed a death yak
  8934 | D:8      | Noticed a death yak
  8935 | D:8      | Reached XP level 10. HP: 84/84 MP: 9/9
  8938 | D:8      | Reached skill level 12 in Shields
  8945 | D:8      | Reached skill level 12 in Axes
  8948 | D:8      | HP: 18/84 [death yak (5)]
  8949 | D:8      | 8949 ||| READING 6 scrolls of teleportation.
  8949 | D:8      | HP: 6/84 [yak (4)]
  8950 | D:8      | 8950 ||| DRINKING 2 potions of heal wounds.
  8951 | D:8      | 8951 ||| DRINKING potion of heal wounds.
  8955 | D:8      | 8955 ||| DRINKING 3 potions of curing.
  8955 | D:8      | 8955 ||| (to cure confusion)
  8984 | D:8      | 8984 ||| Stepping ~*~*~tactically~*~*~ (stealth).
  9105 | D:8      | 9105 ||| Stepping ~*~*~tactically~*~*~ (hiding).
  9110 | D:8      | Reached ***** piety under Trog
  9110 | D:8      | Identified the +4 hand axe of Rolay {freeze, Str+4}
  9171 | D:8      | 9171 ||| INVOKING Brothers in Arms.
  9175 | D:8      | 9175 ||| INVOKING Berserk.
  9182 | D:8      | Killed a death yak
  9192 | D:8      | Found a staircase to the Lair.
  9624 | D:8      | 9624 ||| PLANNING LAIR
  9624 | D:8      | 9624 ||| DROPPING ring of ice.
  9649 | Lair:1   | Entered Level 1 of the Lair of Beasts
  9652 | Lair:1   | Noticed a cane toad
  9652 | Lair:1   | Noticed a five-headed hydra
  9653 | Lair:1   | 9653 ||| INVOKING Brothers in Arms.
  9654 | Lair:1   | 9654 ||| INVOKING Brothers in Arms.
  9657 | Lair:1   | 9657 ||| SWAPPING to +0 morningstar.
  9658 | Lair:1   | 9658 ||| INVOKING Berserk.
  9660 | Lair:1   | Killed a five-headed hydra
  9660 | Lair:1   | Noticed a cane toad
  9663 | Lair:1   | Reached skill level 13 in Shields
  9663 | Lair:1   | Killed a cane toad
  9670 | Lair:1   | Killed a cane toad
  9673 | Lair:1   | 9673 ||| SWAPPING to +5 war axe.
  9677 | Lair:1   | 9677 ||| Stepping ~*~*~tactically~*~*~ (stealth).
  9678 | Lair:1   | 9678 ||| Stepping ~*~*~tactically~*~*~ (stealth).
  9684 | Lair:1   | Noticed a cane toad
  9685 | Lair:1   | 9685 ||| Stepping ~*~*~tactically~*~*~ (stealth).
  9728 | Lair:1   | 9728 ||| Stepping ~*~*~tactically~*~*~ (stealth).
  9732 | Lair:1   | 9732 ||| Stepping ~*~*~tactically~*~*~ (stealth).
  9733 | Lair:1   | 9733 ||| INVOKING Berserk.
  9735 | Lair:1   | Killed a cane toad
  9736 | Lair:1   | Reached XP level 11. HP: 94/94 MP: 10/10
  9741 | Lair:1   | 9741 ||| Stepping ~*~*~tactically~*~*~ (stealth).
  9742 | Lair:1   | 9742 ||| Stepping ~*~*~tactically~*~*~ (stealth).
 10136 | Lair:1   | 10136 ||| Stepping ~*~*~tactically~*~*~ (stealth).
 10180 | Lair:1   | 10180 ||| INVOKING Berserk.
 10445 | Lair:1   | 10445 ||| INVOKING Berserk.
 10450 | Lair:1   | Reached skill level 6 in Armour
 10750 | Lair:1   | 10750 ||| READING scroll labelled DOBLIN HAMETI.
 10851 | Lair:1   | 10851 ||| DRINKING 2 green potions.
 10852 | Lair:1   | 10852 ||| READING 2 scrolls of identify.
 10852 | Lair:1   | 10852 ||| IDENTIFYING pink potion
 10853 | Lair:1   | 10853 ||| DROPPING potion of degeneration.
 10854 | Lair:1   | 10854 ||| DROPPING potion of flight.
 10897 | Lair:2   | 10897 ||| STAIRDANCE
 11058 | Lair:2   | Found a staircase to the Snake Pit.
 11196 | Lair:2   | 11196 ||| INVOKING Berserk.
 11315 | Lair:2   | 11315 ||| INVOKING Berserk.
 11515 | Lair:2   | 11515 ||| READING scroll of brand weapon.
 11515 | Lair:2   | 11515 ||| BRANDING +5 war axe.
 11516 | Lair:2   | 11516 ||| DROPPING +0 morningstar.
 11531 | Lair:2   | 11531 ||| Stepping ~*~*~tactically~*~*~ (stealth).
 11543 | Lair:2   | 11543 ||| Stepping ~*~*~tactically~*~*~ (stealth).
 11551 | Lair:2   | 11551 ||| Stepping ~*~*~tactically~*~*~ (stealth).
 11573 | Lair:2   | 11573 ||| Stepping ~*~*~tactically~*~*~ (stealth).
 11580 | Lair:2   | 11580 ||| Stepping ~*~*~tactically~*~*~ (stealth).
 11581 | Lair:2   | 11581 ||| Stepping ~*~*~tactically~*~*~ (stealth).
 11582 | Lair:2   | 11582 ||| Stepping ~*~*~tactically~*~*~ (stealth).
 11585 | Lair:2   | 11585 ||| Stepping ~*~*~tactically~*~*~ (stealth).
 11587 | Lair:2   | 11587 ||| Stepping ~*~*~tactically~*~*~ (stealth).
 11588 | Lair:2   | 11588 ||| Stepping ~*~*~tactically~*~*~ (stealth).
 11589 | Lair:2   | 11589 ||| Stepping ~*~*~tactically~*~*~ (stealth).
 12023 | Lair:3   | 12023 ||| STAIRDANCE
 12030 | Lair:3   | 12030 ||| STAIRDANCE
 12034 | Lair:2   | Reached skill level 15 in Axes
 12060 | Lair:3   | 12060 ||| INVOKING Berserk.
 12067 | Lair:3   | 12067 ||| STAIRDANCE
 12256 | Lair:3   | 12256 ||| INVOKING Berserk.
 12258 | Lair:3   | Reached skill level 9 in Fighting
 12431 | Lair:3   | 12431 ||| INVOKING Berserk.
 12495 | Lair:3   | 12495 ||| Stepping ~*~*~tactically~*~*~ (stealth).
 12496 | Lair:3   | 12496 ||| INVOKING Berserk.
 12499 | Lair:3   | Reached skill level 14 in Shields
 12503 | Lair:3   | Reached skill level 3 in Dodging
 12610 | Lair:3   | Noticed a five-headed hydra
 12615 | Lair:3   | 12615 ||| INVOKING Berserk.
 12620 | Lair:3   | Killed a two-headed hydra
 12743 | Lair:3   | 12743 ||| INVOKING Berserk.
 12747 | Lair:3   | Reached XP level 12. HP: 104/104 MP: 11/11
 12877 | Lair:3   | Noticed a boulder beetle
 12882 | Lair:3   | 12882 ||| INVOKING Berserk.
 12888 | Lair:3   | Killed a boulder beetle
 12958 | Lair:3   | 12958 ||| FLEEEEING.
 12959 | Lair:3   | 12959 ||| FLEEEEING.
 12960 | Lair:3   | 12960 ||| STAIRDANCE
 13172 | Lair:2   | 13172 ||| UPGRADING to amulet of the acrobat.
 13353 | Lair:3   | 13353 ||| INVOKING Berserk.
 13516 | Lair:3   | 13516 ||| Stepping ~*~*~tactically~*~*~ (hiding).
 13520 | Lair:3   | Found a staircase to the Shoals.
 13521 | Lair:3   | 13521 ||| INVOKING Berserk.
 13911 | Lair:3   | 13911 ||| INVOKING Berserk.
 14261 | Lair:4   | 14261 ||| STAIRDANCE
 14267 | Lair:3   | Reached skill level 15 in Shields
 14269 | Lair:4   | 14269 ||| STAIRDANCE
 14383 | Lair:4   | 14383 ||| STAIRDANCE
 14385 | Lair:3   | 14385 ||| INVOKING Berserk.
 14537 | Lair:4   | 14537 ||| STAIRDANCE
 14586 | Lair:4   | Noticed a five-headed hydra
 14588 | Lair:4   | 14588 ||| INVOKING Berserk.
 14595 | Lair:4   | Killed a one-headed hydra
 14604 | Lair:4   | 14604 ||| FLEEEEING.
 14605 | Lair:4   | 14605 ||| STAIRDANCE
 14731 | Lair:4   | 14731 ||| STAIRDANCE
 14855 | Lair:4   | 14855 ||| FLEEEEING.
 14856 | Lair:4   | 14856 ||| FLEEEEING.
 14961 | Lair:4   | 14961 ||| Stepping ~*~*~tactically~*~*~ (stealth).
 15030 | Lair:4   | 15030 ||| INVOKING Berserk.
 15035 | Lair:4   | Reached skill level 16 in Shields
 15056 | Lair:4   | 15056 ||| INVOKING Brothers in Arms.
 15057 | Lair:4   | 15057 ||| INVOKING Brothers in Arms.
 15060 | Lair:4   | Reached XP level 13. HP: 77/116 MP: 12/12
 15069 | Lair:4   | Reached skill level 9 in Armour
 15344 | Lair:4   | 15344 ||| INVOKING Berserk.
 15550 | Lair:4   | 15550 ||| Stepping ~*~*~tactically~*~*~ (hiding).
 15819 | Lair:4   | 15819 ||| Stepping ~*~*~tactically~*~*~ (stealth).
 15821 | Lair:4   | 15821 ||| INVOKING Berserk.
 16198 | Lair:4   | 16198 ||| INVOKING Berserk.
 16339 | Lair:4   | 16339 ||| DROPPING ring of protection from cold.
 16391 | Lair:5   | Entered Level 5 of the Lair of Beasts
 16395 | Lair:5   | 16395 ||| STAIRDANCE
 16404 | Lair:5   | 16404 ||| STAIRDANCE
 16413 | Lair:4   | Reached skill level 12 in Fighting
 16439 | Lair:5   | 16439 ||| STAIRDANCE
 16469 | Lair:5   | 16469 ||| STAIRDANCE
 16777 | Lair:5   | 16777 ||| FLEEEEING.
 16778 | Lair:5   | 16778 ||| FLEEEEING.
 16779 | Lair:5   | 16779 ||| FLEEEEING.
 16780 | Lair:5   | 16780 ||| INVOKING Berserk.
 16782 | Lair:5   | Reached skill level 17 in Shields
 16787 | Lair:5   | Found a staircase to the Slime Pits.
 16787 | Lair:5   | Found a viscous altar of Jiyva.
 16924 | Lair:5   | 16924 ||| INVOKING Berserk.
 16947 | Lair:5   | 16947 ||| INVOKING Trog's Hand.
 16948 | Lair:5   | 16948 ||| INVOKING Brothers in Arms.
 16951 | Lair:5   | Found the +5 scythe "Finisher" {speed, eviscerate}
 16967 | Lair:5   | Identified the +7 trident of the Spheres {drain, Int+6}
 17070 | Lair:5   | 17070 ||| INVOKING Berserk.
 17238 | Lair:5   | 17238 ||| FLEEEEING.
 17240 | Lair:5   | 17240 ||| Stepping ~*~*~tactically~*~*~ (stealth).
 17289 | Lair:5   | 17289 ||| INVOKING Berserk.
 17309 | Lair:5   | 17309 ||| Stepping ~*~*~tactically~*~*~ (stealth).
 17310 | Lair:5   | 17310 ||| Stepping ~*~*~tactically~*~*~ (stealth).
 17311 | Lair:5   | 17311 ||| Stepping ~*~*~tactically~*~*~ (stealth).
 17312 | Lair:5   | 17312 ||| Stepping ~*~*~tactically~*~*~ (stealth).
 17315 | Lair:5   | 17315 ||| Stepping ~*~*~tactically~*~*~ (stealth).
 17316 | Lair:5   | 17316 ||| Stepping ~*~*~tactically~*~*~ (stealth).
 17326 | Lair:5   | 17326 ||| FLEEEEING.
 17440 | Lair:5   | 17440 ||| INVOKING Berserk.
 17464 | Lair:5   | 17464 ||| Stepping ~*~*~tactically~*~*~ (stealth).
 17474 | Lair:5   | 17474 ||| Stepping ~*~*~tactically~*~*~ (stealth).
 17475 | Lair:5   | 17475 ||| Stepping ~*~*~tactically~*~*~ (stealth).
 17476 | Lair:5   | 17476 ||| Stepping ~*~*~tactically~*~*~ (stealth).
 17477 | Lair:5   | 17477 ||| Stepping ~*~*~tactically~*~*~ (stealth).
 17478 | Lair:5   | 17478 ||| Stepping ~*~*~tactically~*~*~ (stealth).
 17555 | Lair:5   | 17555 ||| INVOKING Berserk.
 17775 | Lair:5   | 17775 ||| INVOKING Berserk.
 18065 | Lair:5   | 18065 ||| Stepping ~*~*~tactically~*~*~ (stealth).
 18269 | Lair:5   | 18269 ||| INVOKING Berserk.
 18401 | Lair:5   | 18401 ||| FLEEEEING.
 18402 | Lair:5   | 18402 ||| FLEEEEING.
 18403 | Lair:5   | 18403 ||| FLEEEEING.
 18404 | Lair:5   | 18404 ||| FLEEEEING.
 18405 | Lair:5   | 18405 ||| FLEEEEING.
 18406 | Lair:5   | 18406 ||| FLEEEEING.
 18407 | Lair:5   | 18407 ||| FLEEEEING.
 18489 | Lair:5   | 18489 ||| FLEEEEING.
 18491 | Lair:5   | 18491 ||| FLEEEEING.
 18653 | Lair:5   | 18653 ||| FLEEEEING.
 18654 | Lair:5   | 18654 ||| FLEEEEING.
 18660 | Lair:5   | 18660 ||| STAIRDANCE
 18729 | Lair:4   | 18729 ||| UPGRADING to +0 cloak.
 18734 | Lair:4   | 18734 ||| DROPPING ring of flight.
 18866 | Lair:5   | 18866 ||| PLANNING D:1-11
 19003 | D:9      | Found a staircase to the Orcish Mines.
 19077 | D:9      | 19077 ||| Stepping ~*~*~tactically~*~*~ (hiding).
 19079 | D:9      | 19079 ||| Stepping ~*~*~tactically~*~*~ (hiding).
 19089 | D:9      | 19089 ||| Stepping ~*~*~tactically~*~*~ (hiding).
 19091 | D:9      | 19091 ||| Stepping ~*~*~tactically~*~*~ (stealth).
 19112 | D:9      | 19112 ||| Stepping ~*~*~tactically~*~*~ (stealth).
 19249 | D:9      | 19249 ||| Stepping ~*~*~tactically~*~*~ (stealth).
 19252 | D:9      | 19252 ||| INVOKING Trog's Hand.
 19271 | D:9      | Identified the +6 chain mail "Haoqodust" {Dex+2}
 19489 | D:9      | 19489 ||| Stepping ~*~*~tactically~*~*~ (hiding).
 19535 | D:9      | 19535 ||| UPGRADING to +0 plate armour.
 19545 | D:9      | 19545 ||| DROPPING +0 chain mail.
 19546 | D:9      | 19546 ||| DROPPING +0 ring mail of fire resistance.
 19547 | D:9      | 19547 ||| UPGRADING to +6 chain mail "Haoqodust" {Dex+2}.
 19557 | D:9      | 19557 ||| DROPPING +0 plate armour.
 19568 | D:10     | Entered Level 10 of the Dungeon
 19578 | D:10     | 19578 ||| Stepping ~*~*~tactically~*~*~ (hiding).
 19580 | D:10     | 19580 ||| Stepping ~*~*~tactically~*~*~ (hiding).
 19590 | D:10     | Reached XP level 14. HP: 129/129 MP: 13/13
 19593 | D:10     | Noticed Grum
 19594 | D:10     | 19594 ||| INVOKING Brothers in Arms.
 19598 | D:10     | 19598 ||| INVOKING Berserk.
 19612 | D:10     | Received a gift from Trog
 19614 | D:10     | Reached skill level 6 in Dodging
 19631 | D:10     | Killed Grum
 19796 | D:10     | 19796 ||| Stepping ~*~*~tactically~*~*~ (hiding).
 19927 | D:10     | 19927 ||| Stepping ~*~*~tactically~*~*~ (hiding).
 20249 | D:10     | 20249 ||| Stepping ~*~*~tactically~*~*~ (stealth).
 20254 | D:10     | 20254 ||| Stepping ~*~*~tactically~*~*~ (stealth).
 20285 | D:10     | Identified the +3 leather armour of Apathy {Int+7}
 20295 | D:10     | 20295 ||| Stepping ~*~*~tactically~*~*~ (stealth).
 20370 | D:10     | 20370 ||| Stepping ~*~*~tactically~*~*~ (hiding).
 20372 | D:10     | 20372 ||| INVOKING Berserk.
 20542 | D:10     | Reached skill level 18 in Shields
 20674 | D:10     | 20674 ||| DRINKING 2 coppery potions.
 20775 | D:10     | 20775 ||| READING 7 scrolls of identify.
 20775 | D:10     | 20775 ||| IDENTIFYING metallic clear potion
 20776 | D:10     | 20776 ||| DROPPING potion of lignification.
 20777 | D:10     | 20777 ||| DROPPING potion of ambrosia.
 20914 | D:11     | 20914 ||| READING scroll of enchant armour.
 20914 | D:11     | 20914 ||| ENCHANTING +1 pair of boots.
 21054 | D:11     | 21054 ||| Stepping ~*~*~tactically~*~*~ (stealth).
 21056 | D:11     | 21056 ||| Stepping ~*~*~tactically~*~*~ (hiding).
 21056 | D:11     | Noticed Amaemon
 21067 | D:11     | Killed Amaemon
 21092 | D:11     | 21092 ||| Stepping ~*~*~tactically~*~*~ (hiding).
 21098 | D:11     | 21098 ||| Stepping ~*~*~tactically~*~*~ (hiding).
 21101 | D:11     | 21101 ||| Stepping ~*~*~tactically~*~*~ (hiding).
 21274 | D:11     | Noticed Psyche
 21289 | D:11     | Killed Psyche
 21403 | D:11     | 21403 ||| Stepping ~*~*~tactically~*~*~ (hiding).
 46499 | D:10     | Glimpsed the power of Zot.
 46992 | D:11     | Glimpsed the power of Zot.
 47387 | D:11     | Glimpsed the power of Zot.
 47486 | D:11     | Touched by the power of Zot.
 47487 | D:11     | Glimpsed the power of Zot.
 47753 | D:10     | 47753 ||| PLANNING D:1-11
 47980 | D:10     | Glimpsed the power of Zot.
 48006 | D:10     | 48006 ||| PLANNING D
 48244 | D:12     | 48244 ||| Stepping ~*~*~tactically~*~*~ (hiding).
 48261 | D:12     | Reached skill level 3 in Throwing
 48269 | D:12     | Reached skill level 12 in Armour
 48270 | D:12     | 48270 ||| Stepping ~*~*~tactically~*~*~ (stealth).
 48273 | D:12     | 48273 ||| FLEEEEING.
 48274 | D:12     | 48274 ||| FLEEEEING.
 48275 | D:12     | 48275 ||| FLEEEEING.
 48276 | D:12     | 48276 ||| FLEEEEING.
 48277 | D:12     | 48277 ||| FLEEEEING.
 48279 | D:12     | 48279 ||| FLEEEEING.
 48290 | D:12     | 48290 ||| FLEEEEING.
 48291 | D:12     | 48291 ||| FLEEEEING.
 48292 | D:12     | 48292 ||| FLEEEEING.
 48293 | D:12     | 48293 ||| FLEEEEING.
 48313 | D:12     | 48313 ||| FLEEEEING.
 48314 | D:12     | 48314 ||| FLEEEEING.
 48315 | D:12     | 48315 ||| FLEEEEING.
 48316 | D:12     | 48316 ||| FLEEEEING.
 48317 | D:12     | 48317 ||| FLEEEEING.
 48318 | D:12     | 48318 ||| FLEEEEING.
 48320 | D:12     | 48320 ||| FLEEEEING.
 48339 | D:12     | 48339 ||| FLEEEEING.
 48340 | D:12     | 48340 ||| FLEEEEING.
 48467 | D:12     | 48467 ||| INVOKING Berserk.
 48683 | D:12     | 48683 ||| Stepping ~*~*~tactically~*~*~ (stealth).
 48685 | D:12     | 48685 ||| Stepping ~*~*~tactically~*~*~ (stealth).
 48688 | D:12     | 48688 ||| Stepping ~*~*~tactically~*~*~ (stealth).
 48694 | D:12     | 48694 ||| INVOKING Berserk.
 48994 | D:13     | 48994 ||| Stepping randomly (disturbance).
 49027 | D:13     | 49027 ||| Stepping ~*~*~tactically~*~*~ (hiding).
 49040 | D:13     | 49040 ||| Stepping ~*~*~tactically~*~*~ (cloud).
 49043 | D:13     | 49043 ||| Stepping ~*~*~tactically~*~*~ (cloud).
 49224 | D:13     | Found a gate to the Vaults.
 49237 | D:13     | 49237 ||| INVOKING Berserk.
 49244 | D:13     | Reached skill level 15 in Fighting
 49264 | D:13     | 49264 ||| Stepping ~*~*~tactically~*~*~ (stealth).
 49265 | D:13     | 49265 ||| Stepping ~*~*~tactically~*~*~ (stealth).
 49272 | D:13     | HP: 27/135 [tengu warrior/+0 bardiche (16)]
 49273 | D:13     | 49273 ||| READING 6 scrolls of teleportation.
 49274 | D:13     | 49274 ||| DRINKING 2 potions of heal wounds.
 49302 | D:13     | 49302 ||| FLEEEEING.
 49312 | D:13     | 49312 ||| STAIRDANCE
 49577 | D:13     | 49577 ||| Stepping ~*~*~tactically~*~*~ (stealth).
 49616 | D:13     | 49616 ||| INVOKING Berserk.
 50173 | D:14     | 50173 ||| FLEEEEING.
 50177 | D:14     | 50177 ||| STAIRDANCE
 50284 | D:14     | 50284 ||| Stepping ~*~*~tactically~*~*~ (hiding).
 50739 | D:14     | 50739 ||| FLEEEEING.
 50740 | D:14     | 50740 ||| FLEEEEING.
 50741 | D:14     | 50741 ||| FLEEEEING.
 50742 | D:14     | 50742 ||| FLEEEEING.
 50743 | D:14     | 50743 ||| FLEEEEING.
 50744 | D:14     | 50744 ||| FLEEEEING.
 51252 | D:14     | Found a shimmering blue altar of Sif Muna.
 51500 | D:15     | Entered Level 15 of the Dungeon
 51500 | D:15     | Noticed Roxanne
 51500 | D:15     | Found Casiq's Distillery.
 51501 | D:15     | 51501 ||| PLANNING GAUNTLET
 51501 | D:15     | 51501 ||| INVOKING Berserk.
 51524 | D:15     | HP: 29/135 [Roxanne/crystal spear (46)]
 51525 | D:15     | 51525 ||| READING 6 scrolls of teleportation.
 51526 | D:15     | 51526 ||| DRINKING potion of heal wounds.
 51643 | D:15     | 51643 ||| FLEEEEING.
 51645 | D:15     | 51645 ||| STAIRDANCE
 51853 | D:15     | 51853 ||| Stepping ~*~*~tactically~*~*~ (stealth).
 51856 | D:15     | 51856 ||| Stepping ~*~*~tactically~*~*~ (stealth).
 51861 | D:15     | 51861 ||| INVOKING Berserk.
 51885 | D:15     | 51885 ||| Stepping ~*~*~tactically~*~*~ (stealth).
 51887 | D:15     | 51887 ||| Stepping ~*~*~tactically~*~*~ (stealth).
 51888 | D:15     | 51888 ||| PLANNING GAUNTLET
 51991 | D:15     | 51991 ||| RIP GAUNTLET
 51998 | D:15     | 51998 ||| PLANNING D
 52081 | D:15     | 52081 ||| READING scroll of enchant armour.
 52081 | D:15     | 52081 ||| ENCHANTING +0 cloak.
 52095 | D:15     | 52095 ||| INVOKING Berserk.
 52100 | D:15     | Reached XP level 15. HP: 141/141 MP: 14/14
 52244 | D:15     | Found Qifeel's Antique Armour Shoppe.
 52252 | D:15     | 52252 ||| BUYING embroidered scarf (232 gold).
 52252 | D:15     | Bought an embroidered scarf for 232 gold pieces
 52252 | D:15     | 52252 ||| BUYING shiny plate armour (754 gold).
 52252 | D:15     | Bought a shiny plate armour for 754 gold pieces
 52259 | D:15     | 52259 ||| READING scroll of enchant armour.
 52259 | D:15     | 52259 ||| ENCHANTING +1 cloak.
 52296 | D:15     | 52296 ||| INVOKING Berserk.
 52349 | D:15     | 52349 ||| INVOKING Berserk.
 52485 | D:15     | 52485 ||| Stepping ~*~*~tactically~*~*~ (hiding).
 52486 | D:15     | 52486 ||| SWAPPING to +0 broad axe.
 52489 | D:15     | 52489 ||| INVOKING Berserk.
 52747 | D:15     | 52747 ||| Stepping ~*~*~tactically~*~*~ (hiding).
 52755 | D:15     | 52755 ||| FLEEEEING.
 52759 | D:15     | 52759 ||| FLEEEEING.
 52760 | D:15     | 52760 ||| FLEEEEING.
 52891 | D:15     | Found a staircase to the Depths.
 52896 | D:15     | 52896 ||| INVOKING Berserk.
 52928 | D:15     | HP: 33/141 [caustic shrike zombie (8)]
 52929 | D:15     | 52929 ||| READING 5 scrolls of teleportation.
 52933 | D:15     | 52933 ||| READING 4 scrolls of teleportation.
 53481 | D:15     | 53481 ||| BUYING potion of heal wounds (85 gold).
 53481 | D:15     | Bought a potion of heal wounds for 85 gold pieces
 53484 | D:15     | 53484 ||| INVOKING Berserk.
 53501 | D:15     | Killed Roxanne
 53718 | D:15     | 53718 ||| Stepping ~*~*~tactically~*~*~ (stealth).
 53887 | D:15     | 53887 ||| Stepping ~*~*~tactically~*~*~ (hiding).
 53888 | D:15     | 53888 ||| Stepping ~*~*~tactically~*~*~ (stealth).
 54314 | D:15     | 54314 ||| Stepping ~*~*~tactically~*~*~ (hiding).
 54315 | D:15     | 54315 ||| Stepping ~*~*~tactically~*~*~ (hiding).
 54316 | D:15     | 54316 ||| INVOKING Berserk.
 54623 | D:15     | 54623 ||| PLANNING ORC
 54623 | D:15     | 54623 ||| DROPPING scarf of invisibility.
 54624 | D:15     | 54624 ||| UPGRADING to +4 plate armour of fire resistance.
 54634 | D:15     | 54634 ||| DROPPING +6 chain mail "Haoqodust" {Dex+2}.
 54635 | D:15     | 54635 ||| READING 15 scrolls of identify.
 54635 | D:15     | 54635 ||| IDENTIFYING emerald potion
 54636 | D:15     | 54636 ||| DROPPING potion of brilliance.
 54796 | Orc:1    | Entered Level 1 of the Orcish Mines
 54803 | Orc:1    | 54803 ||| INVOKING Berserk.
 55047 | Orc:2    | Entered Level 2 of the Orcish Mines
 55107 | Orc:2    | Found an iron altar of Okawaru.
 55183 | Orc:2    | 55183 ||| INVOKING Berserk.
 55195 | Orc:2    | Reached skill level 18 in Axes
 55340 | Orc:2    | Found Sywirchask's Armour Boutique.
 55340 | Orc:2    | Found Pian's Assorted Antiques.
 55342 | Orc:2    | Found Hereisiko's Weapon Shoppe.
 55344 | Orc:2    | Found Potwomn's Armour Shop.
 55348 | Orc:2    | 55348 ||| BUYING +1 cloak of poison resistance (202 gold).
 55348 | Orc:2    | Bought a +1 cloak of poison resistance for 202 gold pieces
 55356 | Orc:2    | 55356 ||| SHOPLISTING +9 plate armour of the Loofah {Str+4
                  | Int+4} (1468 gold, have 351).
 55371 | Orc:2    | 55371 ||| Stepping ~*~*~tactically~*~*~ (hiding).
 55373 | Orc:2    | Paralysed by an orc sorcerer for 2 turns
 55375 | Orc:2    | 55375 ||| INVOKING Trog's Hand.
 55378 | Orc:2    | 55378 ||| Stepping ~*~*~tactically~*~*~ (hiding).
 55380 | Orc:2    | 55380 ||| INVOKING Berserk.
 55400 | Orc:2    | 55400 ||| Stepping ~*~*~tactically~*~*~ (hiding).
 55418 | Orc:2    | 55418 ||| Stepping ~*~*~tactically~*~*~ (stealth).
 55423 | Orc:2    | 55423 ||| Stepping ~*~*~tactically~*~*~ (hiding).
 55424 | Orc:2    | 55424 ||| Stepping ~*~*~tactically~*~*~ (hiding).
 55425 | Orc:2    | 55425 ||| Stepping ~*~*~tactically~*~*~ (hiding).
 55783 | Orc:2    | Found a staircase to the Elven Halls.
 55845 | Orc:1    | Noticed Fannar
 55845 | Orc:1    | Noticed Erica
 55852 | Orc:1    | 55852 ||| DRINKING 8 potions of curing.
 55852 | Orc:1    | 55852 ||| (to cure confusion)
 55861 | Orc:1    | 55861 ||| DRINKING 7 potions of curing.
 55861 | Orc:1    | 55861 ||| (to cure confusion)
 55864 | Orc:1    | Killed Fannar
 55865 | Orc:1    | Reached skill level 6 in Throwing
 55865 | Orc:1    | 55865 ||| DRINKING 6 potions of curing.
 55865 | Orc:1    | 55865 ||| (to cure confusion)
 55867 | Orc:1    | Killed Erica
 56158 | Orc:1    | 56158 ||| PLANNING SNAKE:1-3
 56273 | Snake:1  | Entered Level 1 of the Snake Pit
 56292 | Snake:1  | 56292 ||| Stepping ~*~*~tactically~*~*~ (hiding).
 56293 | Snake:1  | 56293 ||| Stepping ~*~*~tactically~*~*~ (hiding).
 56411 | Snake:1  | Found a bloodstained altar of Trog.
 56498 | Snake:1  | 56498 ||| Stepping ~*~*~tactically~*~*~ (stealth).
 56500 | Snake:1  | 56500 ||| Stepping ~*~*~tactically~*~*~ (hiding).
 56606 | Snake:1  | 56606 ||| INVOKING Berserk.
 56929 | Snake:1  | 56929 ||| INVOKING Berserk.
 57211 | Snake:1  | 57211 ||| INVOKING Berserk.
 57569 | Snake:1  | Found Iwomucekh's Distillery.
 57569 | Snake:1  | Found Doecs's Assorted Antiques.
 57573 | Snake:1  | 57573 ||| Stepping ~*~*~tactically~*~*~ (hiding).
 57574 | Snake:1  | 57574 ||| Stepping ~*~*~tactically~*~*~ (hiding).
 57601 | Snake:1  | 57601 ||| BUYING shimmering iron ring (185 gold).
 57601 | Snake:1  | Bought a shimmering iron ring for 185 gold pieces
 57601 | Snake:1  | Identified the ring "Icriywk" {rElec rPois} (You bought it
                  | in a shop on level 1 of the Snake Pit)
 57607 | Snake:1  | 57607 ||| BUYING 2 potions of resistance (300 gold).
 57607 | Snake:1  | Bought 2 potions of resistance for 300 gold pieces
 57607 | Snake:1  | 57607 ||| BUYING potion of curing (45 gold).
 57607 | Snake:1  | Bought a potion of curing for 45 gold pieces
 57607 | Snake:1  | 57607 ||| BUYING potion of heal wounds (75 gold).
 57607 | Snake:1  | Bought a potion of heal wounds for 75 gold pieces
 57747 | Snake:1  | 57747 ||| Stepping ~*~*~tactically~*~*~ (hiding).
 57859 | Snake:1  | Found a runed translucent gate.
 57859 | Snake:1  | Found a runed translucent gate.
 57859 | Snake:1  | Found a runed translucent gate.
 57864 | Snake:1  | Noticed qw's ghost (adept GrBe)
 57902 | Snake:1  | 57902 ||| Stepping ~*~*~tactically~*~*~ (hiding).
 57912 | Snake:1  | 57912 ||| INVOKING Berserk.
 58227 | Snake:1  | 58227 ||| UPGRADING to amulet of reflection.
 58237 | Snake:1  | 58237 ||| DROPPING amulet of the acrobat.
 58238 | Snake:1  | 58238 ||| UPGRADING to ring "Icriywk" {rElec rPois}.
 58240 | Snake:1  | 58240 ||| DROPPING ring of poison resistance.
 58425 | Snake:2  | 58425 ||| Stepping ~*~*~tactically~*~*~ (hiding).
 58514 | Snake:2  | 58514 ||| Stepping ~*~*~tactically~*~*~ (stealth).
 58522 | Snake:2  | 58522 ||| Stepping ~*~*~tactically~*~*~ (stealth).
 58528 | Snake:2  | Reached XP level 16. HP: 147/149 MP: 15/15
 58546 | Snake:2  | 58546 ||| Stepping ~*~*~tactically~*~*~ (hiding).
 58549 | Snake:2  | 58549 ||| Stepping ~*~*~tactically~*~*~ (stealth).
 58639 | Snake:2  | 58639 ||| Stepping ~*~*~tactically~*~*~ (stealth).
 58642 | Snake:2  | 58642 ||| Stepping ~*~*~tactically~*~*~ (stealth).
 58643 | Snake:2  | 58643 ||| Stepping ~*~*~tactically~*~*~ (stealth).
 58736 | Snake:2  | 58736 ||| Stepping ~*~*~tactically~*~*~ (stealth).
 58800 | Snake:2  | 58800 ||| Stepping ~*~*~tactically~*~*~ (hiding).
 58991 | Snake:2  | Reached skill level 9 in Throwing
 58992 | Snake:2  | 58992 ||| INVOKING Berserk.
 59007 | Snake:2  | HP: 47/225 [naga/+0 trident (29)]
 59012 | Snake:2  | HP: 44/225 [constriction (4)]
 59019 | Snake:2  | 59019 ||| READING 3 scrolls of teleportation.
 59020 | Snake:2  | 59020 ||| DRINKING 3 potions of heal wounds.
 59544 | Snake:3  | 59544 ||| STAIRDANCE
 59629 | Snake:3  | 59629 ||| Stepping ~*~*~tactically~*~*~ (hiding).
 59643 | Snake:3  | 59643 ||| Stepping ~*~*~tactically~*~*~ (hiding).
 59650 | Snake:3  | 59650 ||| INVOKING Berserk.
 59656 | Snake:3  | Reached skill level 19 in Shields
 59682 | Snake:3  | 59682 ||| INVOKING Brothers in Arms.
 59713 | Snake:3  | 59713 ||| FLEEEEING.
 59716 | Snake:3  | 59716 ||| STAIRDANCE
 59971 | Snake:3  | 59971 ||| Stepping ~*~*~tactically~*~*~ (hiding).
 59977 | Snake:3  | 59977 ||| INVOKING Berserk.
 60174 | Snake:3  | Noticed Aizul
 60175 | Snake:3  | 60175 ||| INVOKING Trog's Hand.
 60178 | Snake:3  | 60178 ||| INVOKING Berserk.
 60197 | Snake:3  | Killed Aizul
 60205 | Snake:3  | HP: 22/151 [naga warrior/+2 war axe of holy wrath (18)]
 60206 | Snake:3  | 60206 ||| READING 2 scrolls of teleportation.
 60207 | Snake:3  | 60207 ||| DRINKING 3 potions of heal wounds.
 60210 | Snake:3  | HP: 33/151 [poisoned by a naga warrior (splash of poison)]
 60271 | Snake:3  | 60271 ||| INVOKING Berserk.
 60281 | Snake:3  | Reached skill level 15 in Armour
 60341 | Snake:3  | 60341 ||| INVOKING Berserk.
 60350 | Snake:3  | 60350 ||| FLEEEEING.
 60353 | Snake:3  | 60353 ||| FLEEEEING.
 60354 | Snake:3  | 60354 ||| FLEEEEING.
 60359 | Snake:3  | 60359 ||| FLEEEEING.
 60360 | Snake:3  | 60360 ||| FLEEEEING.
 60361 | Snake:3  | 60361 ||| FLEEEEING.
 60362 | Snake:3  | 60362 ||| FLEEEEING.
 60363 | Snake:3  | 60363 ||| FLEEEEING.
 60367 | Snake:3  | 60367 ||| STAIRDANCE
 60686 | Snake:3  | 60686 ||| INVOKING Berserk.
 60879 | Snake:3  | 60879 ||| Stepping ~*~*~tactically~*~*~ (hiding).
 60898 | Snake:3  | 60898 ||| Stepping ~*~*~tactically~*~*~ (hiding).
 60899 | Snake:3  | 60899 ||| Stepping ~*~*~tactically~*~*~ (hiding).
 60900 | Snake:3  | 60900 ||| Stepping ~*~*~tactically~*~*~ (hiding).
 60933 | Snake:3  | Identified the +5 halberd "Woyklid" {flame, rPois rN+ Str-5
                  | Stlth+}
 60934 | Snake:3  | 60934 ||| FLEEEEING.
 60935 | Snake:3  | 60935 ||| FLEEEEING.
 60936 | Snake:3  | 60936 ||| FLEEEEING.
 60937 | Snake:3  | 60937 ||| FLEEEEING.
 60938 | Snake:3  | 60938 ||| FLEEEEING.
 60940 | Snake:3  | 60940 ||| Stepping ~*~*~tactically~*~*~ (stealth).
 60942 | Snake:3  | 60942 ||| Stepping ~*~*~tactically~*~*~ (hiding).
 60946 | Snake:3  | Noticed Saint Roka
 60955 | Snake:3  | 60955 ||| INVOKING Berserk.
 60977 | Snake:3  | Killed Saint Roka
 61050 | Snake:3  | 61050 ||| FLEEEEING.
 61051 | Snake:3  | 61051 ||| FLEEEEING.
 61052 | Snake:3  | 61052 ||| FLEEEEING.
 61053 | Snake:3  | 61053 ||| FLEEEEING.
 61054 | Snake:3  | 61054 ||| FLEEEEING.
 61055 | Snake:3  | 61055 ||| FLEEEEING.
 61056 | Snake:3  | 61056 ||| FLEEEEING.
 61057 | Snake:3  | 61057 ||| FLEEEEING.
 61058 | Snake:3  | 61058 ||| FLEEEEING.
 61059 | Snake:3  | 61059 ||| FLEEEEING.
 61060 | Snake:3  | 61060 ||| FLEEEEING.
 61061 | Snake:3  | 61061 ||| FLEEEEING.
 61062 | Snake:3  | 61062 ||| FLEEEEING.
 61063 | Snake:3  | 61063 ||| FLEEEEING.
 61064 | Snake:3  | 61064 ||| FLEEEEING.
 61065 | Snake:3  | 61065 ||| FLEEEEING.
 61066 | Snake:3  | 61066 ||| FLEEEEING.
 61067 | Snake:3  | 61067 ||| Stepping ~*~*~tactically~*~*~ (stealth).
 61081 | Snake:3  | 61081 ||| INVOKING Berserk.
 61085 | Snake:3  | HP: 57/232 [poisoned by a black mamba]
 61090 | Snake:3  | HP: 51/232 [poisoned by a black mamba]
 61095 | Snake:3  | HP: 30/155 [poisoned by a black mamba]
 61202 | Snake:3  | 61202 ||| Stepping ~*~*~tactically~*~*~ (stealth).
 61203 | Snake:3  | 61203 ||| Stepping ~*~*~tactically~*~*~ (stealth).
 61205 | Snake:3  | 61205 ||| Stepping ~*~*~tactically~*~*~ (stealth).
 61207 | Snake:3  | 61207 ||| Stepping ~*~*~tactically~*~*~ (stealth).
 61211 | Snake:3  | 61211 ||| INVOKING Berserk.
 61226 | Snake:3  | 61226 ||| Stepping ~*~*~tactically~*~*~ (stealth).
 61454 | Snake:3  | Found a shimmering altar of Xom.
 61467 | Snake:3  | 61467 ||| Stepping ~*~*~tactically~*~*~ (hiding).
 61470 | Snake:3  | 61470 ||| Stepping ~*~*~tactically~*~*~ (hiding).
 61475 | Snake:3  | 61475 ||| INVOKING Berserk.
 61600 | Snake:3  | Noticed Vashnia
 61601 | Snake:3  | 61601 ||| Stepping ~*~*~tactically~*~*~ (hiding).
 61609 | Snake:3  | 61609 ||| Stepping ~*~*~tactically~*~*~ (hiding).
 61611 | Snake:3  | 61611 ||| INVOKING Berserk.
 61622 | Snake:3  | Killed Vashnia
 61628 | Snake:3  | HP: 28/155 [naga sharpshooter/arrow[Vashnia] (14)]
 61628 | Snake:3  | HP: 11/155 [constriction[Vashnia] (4)]
 61629 | Snake:3  | 61629 ||| READING scroll of teleportation.
 61629 | Snake:3  | Shot with an arrow by a naga sharpshooter

Levels and vault maps discovered:
D:1:      heliophobic_arrival_ceremonial_halls, layout_rooms,
          minmay_tetromino_s2
D:2:      layout_loops_corners, hex_medium
D:3:      kennysheep_slugbush, layout_basic, nzn_hepliaklqana_mist_gate,
          dreamdust_princess_bridge
D:4:      layout_rooms, zin_scriptorium, gammafunk_temple_overflow_elements,
          nicolae_ossuary_entry_monument, st_stairs_3, hangedman_decor_points
D:5:      layout_gridville, minmay_temple_entry_tees, kennysheep_nondescript,
          serial_park_tiny_pond
D:6:      layout_basic, kennysheep_mini_moat
D:7:      layout_loops_ring, nemelex_xobeh_ov_fountains_minmay, serial_glass,
          glass_columns_a, glass_columns_a
D:8:      layout_basic, dpeg_lair_monsters
D:9:      minmay_ornate_pinched, layout_rooms, david_orc_2
D:10:     layout_rooms, hangedman_abyss_or_decor_lesser_grid, nzn_random_ring,
          uniq_grum
D:11:     layout_gridville, uniq_psyche, uniq_amaemon
D:12:     layout_basic
D:13:     layout_cave_pools, lightli_vaults_fourway_checkpoint
D:14:     layout_layer_cave, led_sif_pool, minmay_liquid_box,
          lightli_corner_chamber
D:15:     gammafunk_depths_entry_grave, layout_basic, chequers_garden,
          gauntlet_entry_generic, serial_shops, shop, shop, pf_eden,
          uniq_roxanne
Lair:1:   layout_roguey, beast_lair_carwin_10
Lair:2:   layout_chaotic_city, dummy_snake_entry, st_stairs_9,
          grunt_megastairs_4, lemuel_fruit_fields
Lair:3:   layout_hall_layers, minmay_shoals_entry_beasts, grunt_megastairs_3
Lair:4:   layout_cave_pods, lemuel_fruit_tree
Lair:5:   gammafunk_lair_ancient_temple, layout_gridlike, slime_entry_1,
          infiniplex_staircase_pool, serial_bayou_shore_b
Snake:1:  layout_gridlike, gammafunk_ghost_necromancy, basic_altar,
          nicolae_snake_linked_coils, grunt_ministairs_2, minmay_shoptagon
Snake:2:  layout_concentric_octagons
Snake:3:  layout_misc_corridors, basic_altar, ebering_ghost_xom,
          nicolae_snake_gridmaze_big_u, nrook_guardian_serpent_ordinary,
          uniq_vashnia, uniq_saint_roka, uniq_aizul
Orc:1:    layout_caves, basic_altar, uniq_fannar, uniq_erica
Orc:2:    st_orc_rangers, layout_caves, okawaru_metal_pillars_1_2

Skill      XL: |  1  2  3  4  5  6  7  8  9 10 11 12 13 14 15 16 |
---------------+-------------------------------------------------+-----
Axes           | 4 5 6 7 9 11 13 15 16 18 | 18.0
Fighting       | 4 6 8 9 11 13 15 17 | 17.1
Shields        | 1 5 8 9 11 13 14 16 17 18 19 | 19.0
Armour         | 4 5 6 8 11 12 13 15 | 15.8
Throwing       | 1 3 8 9 |  9.0
Dodging        | 3 4 5 7 |  7.0

Action                   |  1- 3 |  4- 6 |  7- 9 | 10-12 | 13-15 | 16-18 || total
-------------------------+-------+-------+-------+-------+-------+-------++-------
Melee: Hand axe          |    61 |   191 |   134 |       |       |       ||   386
       Headbutt          |    10 |    38 |    33 |    84 |   264 |    84 ||   513
       Punch             |     1 |       |       |       |       |       ||     1
       War axe           |       |       |    41 |   387 |   706 |       ||  1134
       Morningstar       |       |       |       |    13 |       |       ||    13
       Broad axe         |       |       |       |       |   540 |   383 ||   923
Throw: Boomerang         |       |    32 |    71 |    15 |    42 |     5 ||   165
       Javelin           |       |       |       |       |    29 |    16 ||    45
Invok: Berserk           |     2 |     2 |     8 |    20 |    33 |    12 ||    77
       Brothers in Arms  |       |       |       |     3 |     2 |     1 ||     6
       Trog's Hand       |       |       |       |       |     3 |     1 ||     4
  Use: Scroll            |     5 |    15 |     7 |     4 |     9 |     3 ||    43
       Potion            |     1 |     3 |       |     4 |     6 |     2 ||    16
Armor: Animal skin       |    11 |       |       |       |       |       ||    11
       Ring mail         |     9 |    63 |    10 |       |       |       ||    82
       Chain mail        |       |       |    39 |   188 |   300 |       ||   527
       Plate armour      |       |       |       |       |    98 |   145 ||   243
Dodge: Dodged            |    28 |    56 |    23 |    77 |   292 |    80 ||   556
Block: Tower shield      |       |    27 |   103 |   353 |  1063 |   459 ||  2005
       Reflection        |       |       |       |       |     2 |    53 ||    55

Table legend:
 A = Non-vault XP
 B = Vault XP
 C = Vault XP percentage of total XP
 D = Non-vault monster count
 E = Vault monster count
 F = Vault count percentage of total count
                 A         B        C        D         E       F
            +---------+---------+-------+---------+---------+-------
      Total |  143384 |   58190 |  28.9 |     566 |     209 |  27.0
            +---------+---------+-------+---------+---------+-------
        D:1 |      30 |       3 |   9.1 |      15 |       2 |  11.8
        D:2 |     128 |       0 |   0.0 |      18 |       0 |   0.0
        D:3 |     128 |      31 |  19.5 |      18 |       8 |  30.8
        D:4 |      24 |      41 |  63.1 |      10 |       3 |  23.1
        D:5 |     852 |       0 |   0.0 |      24 |       0 |   0.0
        D:6 |     546 |       0 |   0.0 |      10 |       0 |   0.0
        D:7 |    2271 |       0 |   0.0 |      28 |       0 |   0.0
        D:8 |    1011 |    3427 |  77.2 |      27 |       8 |  22.9
        D:9 |    1473 |    2948 |  66.7 |      20 |      16 |  44.4
       D:10 |    5874 |    6687 |  53.2 |      19 |      23 |  54.8
       D:11 |    2519 |    1546 |  38.0 |      17 |       3 |  15.0
       D:12 |    6174 |       0 |   0.0 |      22 |       0 |   0.0
       D:13 |    3747 |    6123 |  62.0 |       6 |      12 |  66.7
       D:14 |    4366 |       0 |   0.0 |       8 |       0 |   0.0
       D:15 |   14158 |    9178 |  39.3 |      32 |      12 |  27.3
     Lair:1 |    2992 |    2209 |  42.5 |      18 |       9 |  33.3
     Lair:2 |    2849 |     716 |  20.1 |      13 |       5 |  27.8
     Lair:3 |   13254 |    1633 |  11.0 |      44 |       4 |   8.3
     Lair:4 |   12259 |       0 |   0.0 |      43 |       0 |   0.0
     Lair:5 |    7465 |    7021 |  48.5 |      27 |      18 |  40.0
    Snake:1 |   16789 |    2354 |  12.3 |      35 |       5 |  12.5
    Snake:2 |   18303 |       0 |   0.0 |      36 |       0 |   0.0
    Snake:3 |   23444 |    8448 |  26.5 |      49 |      12 |  19.7
      Orc:1 |    1110 |    1488 |  57.3 |       8 |       2 |  20.0
      Orc:2 |    1618 |    4075 |  71.6 |      19 |      35 |  64.8
    Ossuary |       0 |     262 | 100.0 |       0 |      32 | 100.0
            +---------+---------+-------+---------+---------+-------
